Unix NetHack Version 3.7.0-89 Work-in-progress - last build Sep 24 2023 19:26:52 (48e034876007844a536bf88644040a71d2893410,branch:master). Game began 2023-10-13 11:53:05, ended 2023-10-13 13:27:18. Stella, lawful female dwarven Valkyrie -------------------------- |.....:...q'.Y%.........>| |.----------------%......| |.| ------.------- |.| |...........| |.| |...........| |.| |----.-------- |.| |............| |.| |............| |%|------ --------.----- |%|$$$$$|-- |..........| |.|$$$$$+.| |..........| |.|.$$$0|-| --..0...0..| |.%.$$$$-?| ----.------- --|0$$$$|-| |........| |.$.$$+.| |........| |.$$$$|-- ------...| ------- ----- Stella the Fighter St:18/07 Dx:13 Co:20 In:9 Wi:9 Ch:8 Lawful Dlvl:5 $:946 HP:0(112) Pw:11(11) AC:0 Xp:9 T:10953 Burdened Latest messages: The xan pricks the exposed part of your right leg! You kill the xan! The dingo bites! Pick an object. You hit it. The dingo bites! The dingo bites! You hit it. The dingo bites! You kill the dingo! Pick an object. What do you want to name? [a-fi-oqsw-zABEFH-JLMOQS-U or ?*] What do you want to zap? [qAHIS or ?*] In what direction? The owlbear seems to be moving slower. The owlbear seems to be moving slower. What do you want to zap? [qAHIS or ?*] In what direction? You are suddenly moving faster. What do you want to throw? [$bjw or ?*] In what direction? The dagger hits it. What do you want to throw? [$jw or ?*] In what direction? The orcish dagger hits it. You hit it. The owlbear turns to flee. You kill the owlbear! You see here an owlbear corpse. The owlbear hits! The owlbear hits again! The owlbear grabs you! You hit it. The owlbear hits! The owlbear hits again! You are being crushed. You hit it. The owlbear hits! The owlbear hits again! You are being crushed. You hit it. The owlbear misses! The owlbear misses! You are being crushed. You hit it. The owlbear misses! The owlbear misses! You are being crushed. You die... Do you want to see the dungeon overview? [ynq] (y) Inventory: Coins $ - 946 gold pieces Amulets M - a cursed amulet of strangulation Weapons a - a blessed rusty corroded +1 dwarvish spear (weapon in hand) w - a +0 war hammer Armor x - an uncursed rusty +1 dwarvish iron helm d - an uncursed +0 pair of elven boots y - an uncursed +0 pair of iron shoes (being worn) c - an uncursed burnt +3 small shield (being worn) m - an uncursed rotted +0 cloak of invisibility (being worn) o - an uncursed +0 mummy wrapping f - an uncursed +0 elven mithril-coat (being worn) Comestibles E - 3 uncursed food rations T - an uncursed lizard corpse Potions O - an uncursed potion of booze Rings F - an uncursed ring of searching J - a cursed ring of shock resistance Wands q - a wand of magic missile named empty (0:0) S - a wand of make invisible (0:6) I - a wand of slow monster (0:5) A - a wand of speed monster (0:5) H - a wand of striking named empty (0:0) Tools n - a blessed bag of holding containing 39 items Q - an empty uncursed sack l - an uncursed wooden harp B - an uncursed blindfold k - an uncursed brass lantern i - a blessed magic lamp (lit) e - an uncursed skeleton key U - a +0 unicorn horn Gems/Stones s - 3 uncursed worthless pieces of green glass L - an uncursed worthless piece of yellowish brown glass z - an uncursed luckstone named +4 Contents of the bag of holding: 744 gold pieces an uncursed fafafa 3 uncursed fafafas 2 uncursed carrots an uncursed cram ration an uncursed cream pie 3 uncursed food rations an uncursed food ration 2 uncursed sprigs of wolfsbane an uncursed tripe ration an uncursed egg a blessed scroll of blank paper 2 uncursed scrolls of blank paper a cursed scroll of blank paper 3 uncursed scrolls of blank paper an uncursed scroll of enchant weapon an uncursed scroll of gold detection a blessed scroll of amnesia an uncursed scroll of taming a cursed scroll of confuse monster an uncursed scroll of destroy armor a blessed scroll of earth a cursed scroll of earth an uncursed scroll of earth a blessed scroll of enchant armor 3 uncursed scrolls of identify a blessed potion of object detection a cursed potion of object detection 2 potions of holy water 5 uncursed potions of water 2 uncursed potions of water 7 blessed tallow candles a cursed leash a +0 pick-axe 2 uncursed worthless pieces of black glass 2 uncursed worthless pieces of blue glass an uncursed worthless piece of red glass an uncursed diamond 2 uncursed worthless pieces of yellowish brown glass Stella the Valkyrie's attributes: Background: You were a Fighter, a level 9 dwarven Valkyrie. You were lawful, on a mission for Tyr who was opposed by Odin (neutral) and Loki (chaotic). You were in Sokoban, on level 5. You entered the dungeon 10953 turns ago. There was a new moon in effect when your adventure ended. Bad things happened on Friday the 13th. You had 3336 experience points, 1784 more were needed to attain level 10. Basics: You had 0 out of 112 hit points. You had all 11 energy points (spell power). Your armor class was 0. Your wallet contained 946 zorkmids, and you had 744 more stashed away in your pack. Autopickup was on for '$"?!=/*' plus thrown, with exceptions. Final Characteristics: Your strength was 18/07 (limit:18/100). Your dexterity was 13 (base:14, limit:20). Your constitution was 20 (limit:20). Your intelligence was 9 (limit:16). Your wisdom was 9 (limit:16). Your charisma was 8 (limit:16). Final Status: You were held by an owlbear (west). You had wounded legs. You were not hungry. You were burdened; movement was slightly slowed. You were wielding a spear. You had expert skill with spear. Final Attributes: You were piously aligned. You were cold resistant. You were poison resistant. You were telepathic. You had infravision. You were invisible. You were stealthy. You were guarded. You were very fast. You were very lucky. You had extra luck. Bad luck did not time out for you. Good luck did not time out for you. You are dead. Miscellaneous: You disabled loading of bones levels. Total elapsed playing time was 1 hour, 12 minutes and 54 seconds. Major events: Turn 1: Stella the lawful dwarven Valkyrie entered the dungeon 473: entered the Gnomish Mines 550: attained the rank of Skirmisher (level 3) 1201: reached Mine Town 3186: found Frost Brand in a shop 3630: attained the rank of Fighter (level 6) 7059: acquired the Mines' End luckstone 8182: entered Sokoban 8525: completed 1st Sokoban level 9120: completed 2nd Sokoban level 9432: completed 3rd Sokoban level 10529: completed 4th Sokoban level 10953: killed by an owlbear Vanquished creatures: a stalker 3 small mimics a xan 2 ettin mummies an ogre leader a troll a gelatinous cube a flaming sphere a shocking sphere a tiger a leocrotta a mountain centaur an elf mummy a python a carnivorous ape 2 chameleons a giant beetle a gremlin 2 leprechauns an iron piercer a giant spider 4 brown puddings an owlbear 2 lizards a dingo 2 housecats a jaguar 2 blue jellies a gray unicorn a raven 3 gnome mummies a snake a Woodland-elf 2 soldier ants a bugbear 3 imps 2 wood nymphs 2 mountain nymphs 4 Mordor orcs 2 rock piercers 2 rock moles 2 ponies 2 fog clouds 2 yellow lights a shrieker a gnomish wizard a gray ooze 2 elf zombies a ghoul 3 straw golems a paper golem 6 giant ants a little dog 6 floating eyes 3 kittens a dwarf 4 homunculi 2 kobold leaders 8 rothes a centipede 3 monkeys a dwarf zombie a wererat 7 iguanas 9 killer bees 3 acid blobs a gas spore a hobbit a manes 2 large kobolds 3 hobgoblins 8 cave spiders 2 brown molds 3 yellow molds 2 red molds 2 gnomes 9 garter snakes a gecko 6 jackals 2 foxes 3 goblins 2 sewer rats 11 grid bugs a bat 5 lichens 5 newts 206 creatures vanquished. No species were genocided or became extinct. Voluntary challenges: You read items or engraved 13 times. You engraved Elbereth 7 times. You never genocided any monsters. You never polymorphed an object. You never changed form. You used no wishes. You did not violate any of the special Sokoban rules. Achievements: You entered the Gnomish Mines. You attained the rank of Skirmisher. You entered Minetown. You entered a shop. You entered a temple. You attained the rank of Fighter. You completed the Gnomish Mines. You entered Sokoban. The Dungeons of Doom: levels 1 to 9 Level 1: A fountain. Level 2: An altar to Tyr. Stairs down to The Gnomish Mines. Level 3: Level 4: "FROST BRAND" Some shops. Level 5: Level 6: A sink. Level 7: A health food store, a grave. Level 8: Many fountains. Oracle of Delphi. Level 9: "POTIONS" A potion shop. Stairs up to Sokoban, level 8. The Gnomish Mines: levels 3 to 11 Level 3: Level 4: Level 5: Level 6: Many shops, a temple, some fountains. Level 7: Level 8: Level 9: Level 10: Level 11: A fountain. Sokoban: levels 8 up to 5 Level 5: <- You were here. Solved. Final resting place for you, killed by an owlbear. Level 6: Solved. Level 7: Solved. Level 8: Solved. Game over: ---------- / \ / REST \ / IN \ / PEACE \ / \ | Stella | | 1690 Au | | killed by an | | owlbear | | | | | | 2023 | *| * * * | * _________)/\\_//(\/(/\)/\//\/|_)_______ Farvel Stella the Valkyrie... You died in Sokoban on dungeon level 5 with 15375 points, and 1690 pieces of gold, after 10953 moves. You were level 9 with a maximum of 112 hit points when you died.